AoeStats
← TinselFan831357

Arabia

510379643Analyzed
2v2 RM · 2d ago on Sep 30, 2026· 35m 33s· 4 players
Game mode
Random Map
Map size
Medium (4 player)
Population
200
Speed
Normal
Resources
Standard
Victory
Conquest
Starting age
Dark Age
Ending age
Imperial Age
RankedLock teamsTeams togetherTeam positionsShared explorationLock speedFull tech treeHidden civsTurbo modeCheats
Victory
Defeat
🇳🇱 Tatars · Netherlands
868
+11
🇳🇱 Cumans · Netherlands
789
+14
🇨🇴 Tupi · Colombia
778
-13
🇹🇷 Persians · Türkiye
738
-12
castle_master
3:01 Loom
12:00 Feudal Age
14:04 Wheelbarrow
13:28 Gold Mining
13:28 Stone Mining
19:08 Horse Collar
19:50 Double-Bit Axe
24:19 Castle Age
23:24 Arson
22:59 Man-at-Arms
24:53 Heavy Plow
26:20 Hand Cart
27:25 Husbandry
35:59 Forging
35:49 Scale Mail Armor
35:55 Scale Barding Armor
TinselFan831357
10:15 Feudal Age
11:58 Double-Bit Axe
13:52 Horse Collar
21:02 Stone Mining
20:38 Champi Runner
23:23 Castle Age
22:16 Wheelbarrow
22:19 Gold Mining
24:14 Heavy Plow
24:25 Bow Saw
24:38 Squires
26:42 Loom
27:13 Hand Cart
27:56 Gold Shaft Mining
29:28 Champi Warrior
29:30 Crossbowman
32:04 Caciques
32:17 Treadmill Crane
32:33 Murder Holes
32:59 Ballistics
33:53 Town Watch
33:53 Elite Skirmisher
37:17 Imperial Age
Mannschaft Marnix
11:12 Feudal Age
15:46 Castle Age
14:31 Double-Bit Axe
21:36 Horse Collar
24:25 Bow Saw
24:24 Heavy Plow
27:24 Wheelbarrow
26:41 Gold Mining
26:41 Stone Mining
27:43 Padded Archer Armor
27:33 Fletching
28:42 Hand Cart
29:14 Leather Archer Armor
28:54 Bodkin Arrow
30:03 Gold Shaft Mining
33:49 Imperial Age
31:51 Husbandry
31:20 Pikeman
33:29 Silk Armor
33:44 Scale Barding Armor
33:49 Forging
34:35 Bloodlines
33:57 Heavy Cavalry Archer
35:02 Conscription
35:08 Ballistics
35:24 Halberdier
36:06 Squires
Big papi Nelis
11:39 Feudal Age
19:38 Castle Age
18:53 Double-Bit Axe
19:06 Horse Collar
20:25 Wheelbarrow
22:53 Bloodlines
23:56 Bow Saw
24:05 Scale Barding Armor
25:41 Heavy Plow
28:11 Hand Cart
30:43 Chain Barding Armor
30:34 Forging
32:16 Gold Mining
33:18 Iron Casting
34:00 Gold Shaft Mining
36:51 Imperial Age
34:25 Fletching
34:37 Padded Archer Armor
Connection lost

Rejoining the realm…

Still unreachable

The connection could not be restored.

Session expired

The server has moved on; the page needs a fresh start.